 Dungeon Crawl Stone Soup version 0.23-a0-391-g8c51ad5 (webtiles) character file.

30 Ghost621 the Skirmisher (level 3, 0/30 HPs)
             Began as a Demonspawn Chaos Knight on Oct 31, 2018.
             Was a Plaything of Xom.
             Slain by a gnoll
             ... wielding a +0 spear
              (9 damage)
             ... on level 2 of the Dungeon.
             The game lasted 00:01:58 (998 turns).

Ghost621 the Skirmisher (Demonspawn Chaos Knight)    Turns: 998, Time: 00:01:59

Health: 0/30       AC:  9    Str: 13    XL:     3   Next: 5%
Magic:  3/3        EV: 10    Int: 13    God:    Xom [..*...]
Gold:   85         SH:  0    Dex: 12    Spells: 2/2 levels left

rFire    . . .     SeeInvis .   a - +0 short sword (chaos)
rCold    . . .     Gourm    .   (no shield)
rNeg     . . .     Faith    .   h - +2 ring mail {rPois}
rPois    +         Spirit   .   (no helmet)
rElec    .         Reflect  .   (no cloak)
rCorr    .         Harm     .   (no gloves)
MR       .....                  (no boots)
Stlth    +.........             (no amulet)
HPRegen  0.10/turn              (no ring)
MPRegen  0.08/turn              (no ring)

@: no status effects
A: thin metallic scales 1, demonic guardian 1
a: Renounce Religion


You were on level 2 of the Dungeon.
You worshipped Xom.
You were a toy of Xom.
You were not hungry.

You visited 1 branch of the dungeon, and saw 2 of its levels.

You collected 85 gold pieces.

Inventory:

Hand Weapons
 a - a +0 short sword of chaos (weapon)
Missiles
 j - 76 stones (quivered)
Armour
 b - a +2 leather armour
 h - a +2 ring mail of poison resistance (worn)
Jewellery
 e - an uncursed ring of wizardry {unknown}
 i - an uncursed ring of stealth {unknown}
Scrolls
 d - 2 scrolls of identify {unknown}
 f - 2 scrolls of teleportation
 g - 2 scrolls of remove curse
Comestibles
 c - 4 rations


   Skills:
 * Level 3.7 Fighting
 + Level 3.0 Short Blades
 + Level 2.1 Armour
 - Level 0.8 Dodging


You had 2 spell levels left.
You didn't know any spells.
Your spell library was empty.

Dungeon Overview and Level Annotations

Branches:
Dungeon (2/15)

Altars:
Ru
Vehumet


Innate Abilities, Weirdness & Mutations

You are partially covered in thin metallic scales. (AC +2)
A weak demonic guardian rushes to your aid.


Message History

You hit the orc. Lightning courses through the orc!
You kill the orc!
The gnoll returns to its original shape as it dies.
The gnoll hits you but does no damage. The gnoll hits you but does no damage.
Things that are here:
a +0 halberd; a gnoll corpse You closely miss the gnoll.
The gnoll barely misses you.
You hit the gnoll.
The gnoll is lightly wounded.
The gnoll hits you with a +0 spear!
* * * LOW HITPOINT WARNING * * *
You are too injured to fight recklessly!
You are too injured to fight recklessly!
You are too injured to fight recklessly!
You hit the gnoll but do no damage.
The gnoll is poisoned.
The gnoll is lightly wounded.
The gnoll hits you with a +0 spear!
You die... "I guess I need a new plaything now."

# #.....#
#............... #
#.....#
#..........####. #
#.....#
###..........##...
# #.....#
#............##...
#
#.#..........+....
#.#....†.....##...
#Z#..........##...
#5#..........##...
#@#.###.......'...
#g#.# #Z#######...
#g#.# #.# #...
#.#.# #.##### ####
#=#.# #.....#
..#.# #####.#
###.# #.# #.# #.#
#.######


You could see 2 gnolls, a friendly white imp and a friendly kobold zombie.

Vanquished Creatures
  A dart slug (D:1)
  A leopard gecko (D:2)
  An orc (D:2)
  3 giant cockroaches (D:1)
  5 goblins (D:1)
  A hobgoblin (D:1)
  4 bats
  4 frilled lizards
  5 kobolds
  3 rats (D:1)
28 creatures vanquished.

Notes
Turn   | Place    | Note
-------+----------+-------------------------------------------
     0 | D:1      | Ghost621 the Demonspawn Chaos Knight began the quest for
                  | the Orb.
     0 | D:1      | Reached XP level 1. HP: 18/18 MP: 1/1
   106 | D:1      | XOM: harmless Air miscast
   184 | D:1      | XOM: potion effect (heal wounds)
   189 | D:1      | Gained mutation: A weak demonic guardian rushes to your
                  | aid. [demonic ancestry]
   189 | D:1      | Reached XP level 2. HP: 24/24 MP: 2/2
   705 | D:2      | Found a radiant altar of Vehumet.
   708 | D:2      | Found a sacrificial altar of Ru.
   721 | D:2      | XOM: silly message
   886 | D:2      | XOM: harmless Chrm miscast
   909 | D:2      | Gained mutation: You are partially covered in thin metallic
                  | scales. (AC +2) [demonic ancestry]
   909 | D:2      | Reached XP level 3. HP: 30/30 MP: 3/3
   998 | D:2      | Slain by a gnoll

Vault maps used:
D:1:      roderic_chinese_lattice_arrival
D:2:      lemuel_doored_altar, minitemple, chequers_ecumenical_altar_simple

Skill      XL: |  1  2 |
---------------+-------+-----
Armour         | 2 |  2.1
Short Blades   | 3 |  3.0
Fighting       | |  3.7
Dodging        | |  0.8

Action                   || total
-------------------------++-------
Melee: Short sword       ||    86
  Use: Scroll            ||     2
Armor: Leather armour    ||    18
       Ring mail         ||    10
Dodge: Dodged            ||    43

Table legend:
 A = Non-vault XP
 B = Vault XP
 C = Vault XP percentage of total XP
 D = Non-vault monster count
 E = Vault monster count
 F = Vault count percentage of total count
                 A         B        C        D         E       F
            +---------+---------+-------+---------+---------+-------
      Total |      44 |       0 |   0.0 |      28 |       0 |   0.0
            +---------+---------+-------+---------+---------+-------
        D:1 |      33 |       0 |   0.0 |      21 |       0 |   0.0
        D:2 |      11 |       0 |   0.0 |       7 |       0 |   0.0
            +---------+---------+-------+---------+---------+-------
